 Dungeon Crawl Stone Soup version 0.22-a0-162-g33bf127 (webtiles) character file.

109 sunny1234 the Conjurer (level 5, -4/28 HPs)
             Began as a Kobold Conjurer on Feb 12, 2018.
             Slain by droogie's ghost (19 damage)
             ... on level 3 of the Dungeon.
             The game lasted 00:06:37 (2767 turns).

sunny1234 the Conjurer (Kobold Conjurer)            Turns: 2767, Time: 00:06:38

Health: -4/28      AC:  2    Str:  5    XL:     5   Next: 13%
Magic:  0/9        EV: 16    Int: 18    God:
Gold:   137        SH:  0    Dex: 15    Spells: 6/9 levels left

rFire    . . .     SeeInvis .   n - +0 rapier
rCold    . . .     Gourm    .   (shield restricted)
rNeg     . . .     Faith    .   a - +0 robe
rPois    .         Spirit   .   (no helmet)
rElec    .         Reflect  .   (no cloak)
rCorr    .         Harm     .   (no gloves)
MR       .....                  (no boots)
Stlth    +++.......             (no amulet)
HPRegen  0.09/turn              (no ring)
MPRegen  0.11/turn              (no ring)

@: no status effects
A: small, carnivore
a: no special abilities


You were on level 3 of the Dungeon.
You were very full.

You visited 1 branch of the dungeon, and saw 3 of its levels.

You collected 137 gold pieces.

Inventory:

Hand Weapons
 n - a +0 rapier (weapon)
Armour
 a - a +0 robe (worn)
Scrolls
 d - a scroll of magic mapping {unknown}
 e - 4 scrolls of remove curse {unknown}
 f - a scroll of teleportation {unknown}
 i - a scroll of fear {unknown}
 j - a scroll of blinking {unknown}
 m - a scroll of enchant armour {unknown}
 o - a scroll of amnesia {unknown}
Potions
 g - a potion of mutation {unknown}
 h - a potion of degeneration {unknown}
 k - a potion of haste {unknown}
Books
 b - a book of Conjurations

   Spells                             Type                      Level
   a - Magic Dart                     Conjuration                  1
   b - Searing Ray                    Conjuration                  2
   c - Dazzling Spray                 Conjuration/Hexes            3
   d - Fulminant Prism                Conjuration/Hexes            4
   e - Force Lance                    Conjuration/Translocation    4
   f - Iskenderun's Mystic Blast      Conjuration                  4
 p - a book of Minor Magic

   Spells                             Type                      Level
   a - Magic Dart                     Conjuration                  1
   b - Blink                          Translocation                2
   c - Call Imp                       Summoning                    2
   d - Slow                           Hexes                        2
   e - Conjure Flame                  Conjuration/Fire             3
   f - Mephitic Cloud                 Conjuration/Poison/Air       3
Comestibles
 c - 4 rations


   Skills:
 + Level 0.8 Fighting
 - Level 0.2 Short Blades
 + Level 3.4 Dodging
 + Level 3.9 Stealth
 + Level 2.9 Spellcasting
 + Level 4.7 Conjurations


You had 6 spell levels left.
You knew the following spells:

 Your Spells              Type           Power        Failure   Level  Hunger
a - Magic Dart            Conj           ###.         2%          1    None
b - Slow                  Hex            #.......     26%         2    ##.....


Dungeon Overview and Level Annotations

Branches:
Dungeon (3/15)

Altars:
Ashenzari
Hepliaklqana
Kikubaaqudgha
Qazlal

Annotations:
D:3 droogie's ghost, amateur TrMo


Innate Abilities, Weirdness & Mutations

You are small and have problems with some larger weapons.
You are carnivorous and can eat meat at any time.


Message History

Aiming: Magic Dart (safe; 2% risk of failure)
Press: ? - help, Shift-Dir - straight line, f/p - droogie's ghost
Aim: droogie's ghost (lightly damaged)
The magic dart hits droogie's ghost.
Droogie's ghost is lightly damaged.
You closely miss droogie's ghost.
Droogie's ghost is lightly damaged.
Droogie's ghost hits you but does no damage.
Droogie's ghost hits you!
You hit droogie's ghost.
Droogie's ghost is lightly damaged.
Droogie's ghost barely misses you.
You hit droogie's ghost but do no damage.
Droogie's ghost is lightly damaged.
Droogie's ghost hits you.
You hit droogie's ghost.
Droogie's ghost is lightly damaged.
Droogie's ghost hits you!!
Ouch! That really hurt!
You die...

#.......#
##.......# .
.......)#
#.##.......#
..<......#
.......
##W#.##
#..@..#
#<.#!.#
#..#..#
.........
.######.###
.. ..( .
####


You could see droogie's ghost.

Vanquished Creatures
  Terence (D:1)
  3 adders (D:2)
  An ooze (D:2)
  A worm (D:3)
  2 dart slugs
  2 leopard geckos
  3 giant cockroaches
  3 goblins
  7 hobgoblins
  6 kobolds
  A quokka (D:2)
  5 bats
  4 frilled lizards
  7 rats
46 creatures vanquished.

Notes
Turn   | Place    | Note
-------+----------+-------------------------------------------
     0 | D:1      | sunny1234 the Kobold Conjurer began the quest for the Orb.
     0 | D:1      | Reached XP level 1. HP: 10/10 MP: 3/3
   404 | D:1      | Reached XP level 2. HP: 15/15 MP: 1/5
   999 | D:1      | Reached XP level 3. HP: 19/19 MP: 4/6
  1244 | D:2      | Noticed Terence
  1769 | D:2      | Found a stormy altar of Qazlal.
  1787 | D:2      | Found an ancient bone altar of Kikubaaqudgha.
  1814 | D:2      | Found a hazy altar of Hepliaklqana.
  1977 | D:2      | Reached XP level 4. HP: 23/24 MP: 5/7
  2283 | D:2      | Found a shattered altar of Ashenzari.
  2289 | D:2      | Learned a level 2 spell: Slow
  2387 | D:1      | Killed Terence
  2505 | D:2      | Reached XP level 5. HP: 15/28 MP: 6/9
  2758 | D:3      | Noticed droogie's ghost (amateur TrMo)
  2767 | D:3      | Slain by droogie's ghost

Vault maps used:
D:1:      dpeg_arrival_rooms_c
D:2:      grunt_temple_overflow_open, ashenzari_conservatory_becter,
          nicolae_qazlal_eye_of_the_storm, uniq_terence
D:3:      vehumet_crystals, grunt_dithmenos_smoke, lemuel_round_altar,
          first_ration, nemelex_diamond_rough_becter, uniq_sigmund

Skill      XL: |  1  2  3 |
---------------+----------+-----
Stealth        | 3 |  3.9
Dodging        | 3 |  3.4
Fighting       | |  0.8
Short Blades   | |  0.2
Spellcasting   | |  2.9
Conjurations   | |  4.7

Action                   |  1- 3 |  4- 6 || total
-------------------------+-------+-------++-------
Melee: Dagger            |     6 |       ||     6
       Unarmed           |     2 |       ||     2
       Rapier            |     1 |    14 ||    15
 Cast: Magic Dart        |    66 |    43 ||   109
       Slow              |       |     2 ||     2
 Stab: Sleeping          |     1 |     5 ||     6
  Eat: Chunk             |    12 |     2 ||    14
Armor: Robe              |     1 |     2 ||     3
Dodge: Dodged            |    20 |    22 ||    42

Table legend:
 A = Spawn XP
 B = Non-spawn XP
 C = Spawn XP percentage of total XP
 D = Spawn monster count
 E = Non-spawn monster count
 F = Spawn count percentage of total count
 G = Total turns spent on level
                    A         B        C        D         E        F      G
               +---------+---------+-------+---------+---------+-------+---------
         Total |       0 |     157 |   0.0 |       0 |      46 |   0.0 |  2767
               +---------+---------+-------+---------+---------+-------+---------
           D:1 |       0 |      74 |   0.0 |       0 |      24 |   0.0 |  1426
           D:2 |       0 |      76 |   0.0 |       0 |      20 |   0.0 |  1290
           D:3 |       0 |       7 |   0.0 |       0 |       2 |   0.0 |    51
               +---------+---------+-------+---------+---------+-------+---------
